 Dungeon Crawl Stone Soup version 0.31-a0-188-g5e087ee2ca (webtiles) character file.

Game seed: 6191256829339758316

11 qw the Shooter (level 2, -4/16 HPs)
             Began as a Deep Elf Hunter on June 22, 2023.
             Slain by a worm (11 damage)
             ... on level 2 of the Dungeon.
             The game lasted 00:00:09 (650 turns).

qw the Shooter (Deep Elf Hunter)                     Turns: 650, Time: 00:00:10

Health: -4/16      AC:  3    Str:  8    XL:     2   Next: 13%
Magic:  4/4        EV: 12    Int: 13    God:
Gold:   29         SH:  0    Dex: 18    Spells: 1/1 levels left

rFire   . . .        Y - +0 shortbow
rCold   . . .        (shield currently unavailable)
rNeg    . . .        c - +0 leather armour
rPois   .            (no helmet)
rElec   .            (no cloak)
rCorr   .            (no gloves)
SInv    .            (no boots)
Will    .....        (no amulet)
Stlth   ++           (no ring)
HPRegen 0.22/turn    (no ring)
MPRegen 0.09/turn

%: no passive effects
@: no status effects
A: no striking features
a: no special abilities


You were on level 2 of the Dungeon.
You visited 1 branch of the dungeon, and saw 2 of its levels.

You collected 29 gold pieces.


   Skills:
 - Level 1.5 Fighting
 + Level 6.0 Ranged Weapons
 - Level 2.4 Dodging
 - Level 1.2 Stealth


You had one spell level left.
You didn't know any spells.
Your spell library was empty.

Inventory:

Hand Weapons
 Y - a +0 shortbow (weapon)
Armour
 c - a +0 leather armour (worn)
Scrolls
 g - a scroll of teleportation
Potions
 d - a potion of enlightenment {unknown}
 e - a potion of lignification {unknown}
 h - a potion of brilliance {unknown}

Dungeon Overview and Level Annotations

Branches:
Dungeon (2/15)

Altars:


Message History

The arrow hits the hobgoblin.
You kill the hobgoblin!
The kobold throws a stone.
The stone hits you.
You shoot an arrow. The arrow hits the kobold.
You kill the kobold!
The kobold throws a stone.
The stone misses you.
A worm comes into view.
You shoot an arrow. The arrow hits the worm.
The worm is lightly wounded.
The kobold throws a stone.
The stone misses you.
You shoot an arrow. The arrow hits the worm!
The worm is heavily wounded.
You shoot an arrow. The arrow barely misses the worm.
The kobold throws a stone.
The stone barely misses you.
You shoot an arrow. The arrow barely misses the worm.
You shoot an arrow. The arrow misses the kobold.
The kobold throws a stone.
The stone hits you.
You shoot an arrow. The arrow hits the worm.
The worm is moderately wounded.
The kobold throws a stone.
The stone closely misses you.
You shoot an arrow. The arrow hits the worm.
The worm is heavily wounded.
You shoot an arrow.
The arrow hits the worm but does no damage.
The worm is moderately wounded.
You shoot an arrow.
The arrow hits the worm but does no damage.
The worm is moderately wounded.
You shoot an arrow. The arrow hits the worm.
The worm is severely wounded.
The kobold hits you with a +0 dagger. The worm bites you!
The kobold hits you with a +0 dagger.
You shoot an arrow. The arrow hits the worm.
The worm is almost dead.
The kobold barely misses you.
You shoot an arrow. The arrow hits the worm.
The worm is almost dead.
The worm bites you!
Ouch! That really hurt!
You die...

#....#.# ####.#.#
#...#.# #.###.#
#.#....
################.#.#..
#.....................
#.....######.....#.#.#
#....@# #.......#.#
#...wK######....####.#
#.....+..............#
#.....################
#.....# #.>.).#
#.....# #?....#


You could see a worm and a kobold.

Vanquished Creatures
  A giant cockroach (D:1)
  A goblin (D:1)
  A hobgoblin (D:2)
  2 kobolds
  A ball python (D:1)
  A frilled lizard (D:1)
  5 rats (D:1)
12 creatures vanquished.

Notes
Turn   | Place    | Note
-------+----------+-------------------------------------------
     0 | D:1      | qw the Deep Elf Hunter began the quest for the Orb.
     0 | D:1      | Reached XP level 1. HP: 12/12 MP: 3/3
     0 | D:1      | 0 ||| qw: Version: 0.3-a-9-g12657ce
     0 | D:1      | 0 ||| qw: Game counter: 2845
     0 | D:1      | 0 ||| qw: Always use a shield: true
     0 | D:1      | 0 ||| qw: God list: Okawaru
     0 | D:1      | 0 ||| qw: Allow faded altars: false
     0 | D:1      | 0 ||| qw: Do Orc after D:15 true
     0 | D:1      | 0 ||| qw: Do second Lair branch before Depths: true
     0 | D:1      | 0 ||| qw: Lair rune preference: random
     0 | D:1      | 0 ||| qw: Plans: Normal
     0 | D:1      | 0 ||| PLANNING D:1-11
   408 | D:1      | Reached skill level 6 in Ranged Weapons
   408 | D:1      | Reached XP level 2. HP: 16/16 MP: 4/4
   556 | D:1      | 556 ||| READING scroll labelled JOILIOS SAKO.
   557 | D:1      | 557 ||| READING 2 scrolls labelled VAEBOG IZANG.
   561 | D:1      | 561 ||| DROPPING scroll of butterflies.
   650 | D:2      | Slain by a worm

Levels and vault maps discovered:
D:1:      wander_arrival_estate, layout_basic, nrook_campfire
D:2:      layout_basic, serial_forest, infiniplex_forest_lined_ring,
          infiniplex_forest_clump_C, infiniplex_forest_corner_2,
          infiniplex_forest_lined_corner, infiniplex_forest_lined_ring,
          infiniplex_forest_lined_room_2, infiniplex_forest_lined_4_way,
          infiniplex_forest_straight_3, infiniplex_forest_lined_room_2,
          infiniplex_forest_join, uniq_natasha

Skill      XL: |  1 |
---------------+----+-----
Ranged Weapons | 6 |  6.0
Fighting       | |  1.5
Dodging        | |  2.4
Stealth        | |  1.2

Action                     || total
---------------------------++-------
   Fire: Shortbow          ||    34
    Use: Scroll            ||     2
  Dodge: Dodged            ||     6

Table legend:
 A = Non-vault XP
 B = Vault XP
 C = Vault XP percentage of total XP
 D = Non-vault monster count
 E = Vault monster count
 F = Vault count percentage of total count
                 A         B        C        D         E       F
            +---------+---------+-------+---------+---------+-------
      Total |      16 |       0 |   0.0 |      12 |       0 |   0.0
            +---------+---------+-------+---------+---------+-------
        D:1 |      13 |       0 |   0.0 |      10 |       0 |   0.0
        D:2 |       3 |       0 |   0.0 |       2 |       0 |   0.0
            +---------+---------+-------+---------+---------+-------
